[Event "Titled Tuesday Blitz September 28 2021"]
[White "AleksanderHnydiuk"]
[Black "Hansen, Eric"]
[BlackFideId "2606771"]
[WhiteElo "2570"]
[BlackElo "2568"]
[Result "1-0"]
[Round "04"]
[TimeControl "180+1"]
[Date "2021.09.28"]
[WhiteClock "0:00:08"]
[BlackClock "0:00:07"]

1. e4 c5 2. Nf3 e6 3. d4 cxd4 4. Nxd4 a6 5. Bd3 Qc7 6. O-O Nf6 7. Qe2 d6 8. c4 Nbd7 9. Nc3 b6 10. f4 Bb7 11. Kh1 h5 12. Bd2 h4 13. Rae1 h3 14. g4 g6 15. Kg1 Nc5 16. g5 Nxd3 17. Qxd3 Nd7 18. f5 Ne5 19. Qg3 Qxc4 20. Nf3 Nxf3+ 21. Rxf3 gxf5 22. g6 Rg8 23. exf5 O-O-O 24. Rf4 Qc6 25. Ne4 Kb8 26. Rc1 Qd5 27. Qh4 Be7 28. Qxe7 exf5 29. Qc7+ Ka8 30. Qxb6 fxe4 31. Be3 Rxg6+ 32. Kh1 1-0


[Site "https://www.chess.com"]

[Event "Titled Tuesday Blitz September 28 2021"]
[White "Al-Tarboush, Ward"]
[Black "Seo, Jung Min"]
[WhiteFideId "7601450"]
[BlackFideId "1734687"]
[WhiteElo "2319"]
[BlackElo "2486"]
[Result "0-1"]
[Round "04"]
[TimeControl "180+1"]
[Date "2021.09.28"]
[WhiteClock "0:00:03"]
[BlackClock "0:00:30"]

1. e4 c5 2. Nf3 Nc6 3. d4 cxd4 4. Nxd4 Qb6 5. Nb3 Nf6 6. Nc3 e6 7. Be3 Qc7 8. Be2 a6 9. O-O b5 10. a3 Be7 11. Qd2 O-O 12. Rad1 d6 13. f4 Bb7 14. Bf3 Rad8 15. g4 Nd7 16. Qg2 Nc5 17. g5 Rfe8 18. h4 b4 19. axb4 Nxb4 20. h5 Bf8 21. g6 fxg6 22. hxg6 h6 23. Rde1 Nxb3 24. cxb3 d5 25. exd5 exd5 26. Kh1 Ba8 27. Bd4 Rxe1 28. Rxe1 Qxf4 29. Rd1 Qf5 30. Bg1 Rd6 31. Rf1 Rxg6 32. Qe2 Qh3+ 33. Bh2 Rf6 34. Bg2 Rxf1+ 35. Qxf1 Qe6 36. Bh3 d4+ 37. Kg1 Qg6+ 38. Bg2 Bxg2 39. Qc4+ Bd5+ 0-1


[Site "https://www.chess.com"]

[Event "Titled Tuesday Blitz September 28 2021"]
[White "Andreikin, Dmitry"]
[Black "Urazayev, Arystanbek"]
[WhiteFideId "4158814"]
[BlackFideId "13709810"]
[WhiteElo "2736"]
[BlackElo "2321"]
[Result "1-0"]
[Round "04"]
[TimeControl "180+1"]
[Date "2021.09.28"]
[WhiteClock "0:00:45"]
[BlackClock "0:00:19"]

1. d4 d5 2. c4 e6 3. Nc3 Nf6 4. cxd5 exd5 5. Bg5 c6 6. e3 Bd6 7. Bd3 O-O 8. Nge2 a5 9. Qc2 h6 10. Bh4 Na6 11. a3 Re8 12. h3 Nc7 13. O-O Bd7 14. Rae1 b5 15. e4 dxe4 16. Nxe4 Be7 17. Nc5 Nfd5 18. Bg3 Bxc5 19. dxc5 Ne6 20. Bd6 Qf6 21. Bh7+ Kh8 22. Be4 Ndf4 23. Nxf4 Nxf4 24. Qd2 Nxh3+ 25. gxh3 Rxe4 26. Rxe4 Qg6+ 27. Bg3 Qxe4 28. Qxd7 f5 29. Bd6 f4 30. Qg4 g5 31. Qg2 f3 32. Qg4 1-0


[Site "https://www.chess.com"]

[Event "Titled Tuesday Blitz September 28 2021"]
[White "Atabayev, Saparmyrat"]
[Black "Pourkashiyan, Atousa"]
[WhiteFideId "14000571"]
[BlackFideId "12502014"]
[WhiteElo "2483"]
[BlackElo "2285"]
[Result "1-0"]
[Round "04"]
[TimeControl "180+1"]
[Date "2021.09.28"]
[WhiteClock "0:00:18"]
[BlackClock "0:00:03"]

1. e4 c5 2. d4 cxd4 3. Nf3 e6 4. Nxd4 a6 5. Nc3 Qc7 6. Bd3 Nf6 7. Qf3 Nc6 8. Nxc6 dxc6 9. Bg5 Be7 10. O-O-O e5 11. Qg3 Be6 12. Be2 b5 13. f4 h6 14. Bxf6 Bxf6 15. f5 Bd7 16. Rd3 O-O-O 17. Rhd1 Kb7 18. Kb1 Bc8 19. a4 Rd4 20. axb5 axb5 21. Bf3 Rhd8 22. Ne2 Rxd3 23. cxd3 Qa5 24. Nc1 Bd7 25. Bh5 Ra8 26. Bxf7 b4 27. Nb3 Qa7 28. d4 exd4 29. Qd6 Kc8 30. Be6 Qc7 31. Qf8+ Kb7 32. Qxb4+ Kc8 33. Qf8+ Qd8 34. Qxd8+ Kxd8 35. Nxd4 Bxe6 36. Nxe6+ Ke7 37. Nd4 c5 38. Nc6+ Ke8 39. e5 Bg5 40. e6 Ra6 41. Ne5 Bf6 42. Nd7 Ra5 43. Nxf6+ gxf6 44. Rd5 Ra4 45. Rxc5 h5 46. b3 h4 47. bxa4 1-0


[Site "https://www.chess.com"]

[Event "Titled Tuesday Blitz September 28 2021"]
[White "Avila Pavas, Santiago"]
[Black "Moskalenko, Alexander"]
[WhiteFideId "4437128"]
[BlackFideId "4155351"]
[WhiteElo "2292"]
[BlackElo "2515"]
[Result "1-0"]
[Round "04"]
[TimeControl "180+1"]
[Date "2021.09.28"]
[WhiteClock "0:01:13"]
[BlackClock "0:00:30"]

1. Nf3 g6 2. d4 Bg7 3. e4 c6 4. c3 d5 5. e5 f6 6. Bf4 Nh6 7. Bd3 Bf5 8. exf6 exf6 9. Bxh6 Qe7+ 10. Be3 Be4 11. Bxe4 dxe4 12. Nfd2 f5 13. Qb3 Na6 14. Na3 g5 15. g3 Bh6 16. f4 exf3 17. O-O-O O-O-O 18. Rhe1 Qf6 19. Nxf3 f4 20. gxf4 g4 21. Ne5 Bxf4 22. Nxg4 Qg5 23. Qe6+ Kb8 24. Qe5+ Qxe5 25. Nxe5 1-0


[Site "https://www.chess.com"]

[Event "Titled Tuesday Blitz September 28 2021"]
[White "Azarov, Sergei"]
[Black "Kollars, Dmitrij"]
[WhiteFideId "13501470"]
[BlackFideId "12909572"]
[WhiteElo "2494"]
[BlackElo "2584"]
[Result "0-1"]
[Round "04"]
[TimeControl "180+1"]
[Date "2021.09.28"]
[WhiteClock "0:00:01"]
[BlackClock "0:00:11"]

1. e4 e6 2. d4 d5 3. Nd2 c5 4. Ngf3 cxd4 5. Nxd4 Nc6 6. Bb5 Bd7 7. Nxc6 bxc6 8. Bd3 Bd6 9. Qe2 e5 10. Nf3 d4 11. O-O Ne7 12. Nd2 O-O 13. Nc4 Be6 14. b3 f6 15. a4 Ng6 16. g3 Bh3 17. Re1 Bc7 18. Bd2 Qd7 19. f3 Rae8 20. g4 h5 21. gxh5 Nf4 22. Bxf4 exf4 23. Qf2 Kf7 24. e5 fxe5 25. Bg6+ Kg8 26. Bxe8 Qxe8 27. h6 Rf6 28. Kh1 Rxh6 29. Rad1 Qh5 30. Nd2 Bf5 31. Ne4 Bd8 32. Qe2 Bh4 33. Rg1 Kh8 34. Rd2 Be7 35. Rg2 Qf7 36. Rd1 Rh3 37. Rdg1 g6 38. Ng5 Bxg5 39. Rxg5 Qd5 40. Rxf5 gxf5 41. Rf1 e4 42. Qg2 Rh7 43. Qg5 exf3 44. Rf2 Rg7 45. Qh4+ Kg8 46. Qxf4 Qe4 47. Qb8+ Kf7 0-1


[Site "https://www.chess.com"]

[Event "Titled Tuesday Blitz September 28 2021"]
[White "Balabayeva, Xeniya"]
[Black "Gallego Alcaraz, Andres Felipe"]
[WhiteFideId "13719688"]
[BlackFideId "4402669"]
[WhiteElo "1965"]
[BlackElo "2394"]
[Result "1-0"]
[Round "04"]
[TimeControl "180+1"]
[Date "2021.09.28"]
[WhiteClock "0:00:13"]
[BlackClock "0:00:21"]

1. e4 d6 2. d4 Nf6 3. Nc3 g6 4. g3 c6 5. a4 Bg7 6. Bg2 Nbd7 7. Nge2 e5 8. O-O O-O 9. h3 Re8 10. Re1 b6 11. Be3 Bb7 12. Qd2 exd4 13. Nxd4 Nc5 14. Bf4 Nh5 15. Be3 Nf6 16. Bf4 Ne6 17. Nxe6 Rxe6 18. Rad1 Bf8 19. e5 Nh5 20. Bg5 Qd7 21. g4 h6 22. Be3 Ng7 23. Ne4 d5 24. Nf6+ Rxf6 25. exf6 Ne8 26. Bxh6 Nxf6 27. Bxf8 Rxf8 28. Qf4 Ne8 29. Re2 Nd6 30. Rde1 Re8 31. Rxe8+ Nxe8 32. h4 Ng7 33. Bf3 Ne6 34. Qf6 Qd6 35. h5 g5 36. h6 Qf8 37. Re5 Kh7 38. Be2 Nf4 39. Bd3+ Nxd3 40. cxd3 Qxh6 41. Qxf7+ Qg7 42. Qxg7+ Kxg7 43. Re7+ 1-0


[Site "https://www.chess.com"]

[Event "Titled Tuesday Blitz September 28 2021"]
[White "Bazarov, Konstantin"]
[Black "Shkapenko, Pavel"]
[WhiteFideId "4137000"]
[BlackFideId "4151933"]
[WhiteElo "2035"]
[BlackElo "2386"]
[Result "0-1"]
[Round "04"]
[TimeControl "180+1"]
[Date "2021.09.28"]
[WhiteClock "0:00:11"]
[BlackClock "0:00:15"]

1. Nf3 Nf6 2. c4 e6 3. Nc3 b6 4. e4 Bb7 5. Qc2 c5 6. d3 Be7 7. e5 Ng4 8. Bf4 f6 9. exf6 Nxf6 10. Be2 O-O 11. O-O Nc6 12. h3 Nh5 13. Bh2 Nf4 14. Bd1 Nxg2 15. Nb5 Nf4 16. Qd2 Nxh3+ 17. Kg2 Ng5 18. Bc7 Qe8 19. Nxg5 Qg6 20. f4 h6 21. Bf3 hxg5 22. Be4 Qh5 23. Rf3 gxf4 24. Rh1 Qg4+ 25. Kf1 Bh4 26. Nd6 Nd4 27. Qg2 Qxg2+ 28. Kxg2 Bxe4 29. dxe4 Nxf3 30. Kxf3 g5 31. e5 Kg7 32. Ne4 Rh8 33. Kg4 Kg6 34. Bd6 Bg3 35. Rxh8 Rxh8 36. Nxg3 fxg3 37. Kxg3 Kf5 38. Kf3 Rh2 39. Kg3 Rxb2 0-1


[Site "https://www.chess.com"]

[Event "Titled Tuesday Blitz September 28 2021"]
[White "Begmuratov, Khumoyun"]
[Black "Ozates, Tuna"]
[WhiteFideId "14210207"]
[BlackFideId "6354521"]
[WhiteElo "1948"]
[BlackElo "1872"]
[Result "0-1"]
[Round "04"]
[TimeControl "180+1"]
[Date "2021.09.28"]
[WhiteClock "0:00:03"]
[BlackClock "0:00:54"]

1. e4 e5 2. Nf3 Nc6 3. d4 exd4 4. Nxd4 Nf6 5. Nc3 Bb4 6. Nxc6 bxc6 7. Bd3 d5 8. exd5 O-O 9. O-O cxd5 10. Qf3 c6 11. h3 h6 12. Bf4 Re8 13. Rad1 Bd6 14. Ne2 Rb8 15. b3 Rb4 16. c3 Rb6 17. c4 Be6 18. Nd4 c5 19. Nf5 Bxf4 20. Qxf4 d4 21. Rfe1 Ra6 22. a4 Rb6 23. Bc2 Qb8 24. Qxb8 Rexb8 25. Ng3 a5 26. Ne2 g5 27. Nc1 Rc8 28. Nd3 Bf5 29. Re5 Bg6 30. Rd2 Ne4 31. Re2 Nc3 32. Rd2 Rbc6 33. f3 Kf8 34. Kf2 f6 35. Re1 h5 36. g4 hxg4 37. hxg4 Kf7 38. Kg3 Rh8 39. Rg2 Rcc8 40. Rf2 Rh4 41. f4 Ne4+ 42. Rxe4 Bxe4 43. fxg5 Rch8 44. Ne5+ Ke6 45. Bxe4 Kxe5 46. Bf5 Rh3+ 47. Kg2 Rh2+ 48. Kg3 Rxf2 49. Kxf2 fxg5 0-1


[Site "https://www.chess.com"]

[Event "Titled Tuesday Blitz September 28 2021"]
[White "Bok, Benjamin"]
[Black "pawel83"]
[WhiteFideId "1017063"]
[WhiteElo "2658"]
[BlackElo "2405"]
[Result "1-0"]
[Round "04"]
[TimeControl "180+1"]
[Date "2021.09.28"]
[WhiteClock "0:02:19"]
[BlackClock "0:02:17"]

1. d4 Nf6 2. c4 g6 3. g3 Bg7 4. Bg2 O-O 5. Nc3 d6 6. Nf3 Nc6 7. O-O e5 8. dxe5 dxe5 9. Bg5 Qxd1 10. Rfxd1 h6 11. Be3 Re8 12. Nb5 Rf8 13. Nxc7 Rb8 14. Bc5 Rd8 15. Rxd8+ Nxd8 16. Bxa7 1-0


[Site "https://www.chess.com"]

[Event "Titled Tuesday Blitz September 28 2021"]
[White "Borsuk, Konstantin"]
[Black "Petriashvili, Nikoloz"]
[WhiteFideId "14113406"]
[BlackFideId "13611216"]
[WhiteElo "2414"]
[BlackElo "2430"]
[Result "0-1"]
[Round "04"]
[TimeControl "180+1"]
[Date "2021.09.28"]
[WhiteClock "0:00:03"]
[BlackClock "0:01:10"]

1. d4 Nf6 2. c4 g6 3. Nc3 d5 4. Bf4 Bg7 5. Rc1 c6 6. cxd5 Nxd5 7. Bg3 Qa5 8. e4 Nxc3 9. bxc3 Qxa2 10. Nf3 O-O 11. Be2 Bg4 12. O-O Qe6 13. Ng5 Bxe2 14. Nxe6 Bxd1 15. Nxf8 Bg4 16. h3 Bc8 17. Ra1 a6 18. Nxh7 Kxh7 19. f4 Be6 20. f5 Bc4 21. fxg6+ Kxg6 22. Rf4 Nd7 23. Bh4 f6 24. Kh2 e5 25. Rf3 a5 26. g4 a4 27. Rg1 Be6 28. g5 f5 29. exf5+ Bxf5 30. Rgf1 Be6 31. Bg3 exd4 32. cxd4 a3 33. Be1 Bxd4 34. Bc3 Bxc3 35. Rxc3 a2 36. Ra1 c5 37. h4 b5 38. Re3 Ra6 39. Kg3 b4 0-1


[Site "https://www.chess.com"]

[Event "Titled Tuesday Blitz September 28 2021"]
[White "Bortnyk, Olexandr"]
[Black "Lazavik, Denis"]
[WhiteFideId "14120828"]
[BlackFideId "13515110"]
[WhiteElo "2723"]
[BlackElo "2436"]
[Result "1-0"]
[Round "04"]
[TimeControl "180+1"]
[Date "2021.09.28"]
[WhiteClock "0:00:08"]
[BlackClock "0:00:03"]

1. e4 c5 2. b3 Nc6 3. Bb2 d6 4. Qf3 Nf6 5. Bc4 e5 6. Ne2 g6 7. h3 Bg7 8. Nbc3 O-O 9. O-O-O Be6 10. Bd5 Bxd5 11. Nxd5 Nxd5 12. exd5 Ne7 13. h4 f5 14. h5 e4 15. Qg3 Bxb2+ 16. Kxb2 Nxd5 17. hxg6 Qf6+ 18. Nc3 hxg6 19. Rh6 Ne7 20. Rdh1 Kf7 21. Rh7+ Ke6 22. Kb1 a6 23. f3 e3 24. f4 Rf7 25. Qxe3+ Kd7 26. Qf3 Kc7 27. g4 Raf8 28. g5 Qe6 29. R7h2 Kb8 30. Re2 Qd7 31. Rh6 Nc6 32. Qd5 Nd4 33. Re3 Rg7 34. Ne2 Nc6 35. Re6 Kc7 36. Nc3 Nb4 37. Qc4 Qf7 38. a3 Nc6 39. Nd5+ Kb8 40. Rxd6 Re8 41. Qxc5 Re1+ 42. Kb2 Qf8 43. Rxc6 1-0


[Site "https://www.chess.com"]

[Event "Titled Tuesday Blitz September 28 2021"]
[White "Coto Mederos, Michel"]
[Black "Assaubayeva, Bibisara"]
[WhiteFideId "3508528"]
[BlackFideId "13708694"]
[WhiteElo "2427"]
[BlackElo "2232"]
[Result "1/2-1/2"]
[Round "04"]
[TimeControl "180+1"]
[Date "2021.09.28"]
[WhiteClock "0:00:08"]
[BlackClock "0:00:03"]

1. c4 Nf6 2. Nc3 g6 3. g3 Bg7 4. Bg2 O-O 5. e3 d6 6. Nge2 e5 7. O-O Nc6 8. d3 Be6 9. Nd5 Qd7 10. Nec3 Bh3 11. Nxf6+ Bxf6 12. Nd5 Bd8 13. b4 Bxg2 14. Kxg2 f5 15. f4 Ne7 16. Nc3 d5 17. cxd5 exf4 18. gxf4 c6 19. e4 cxd5 20. exd5 Bb6 21. Bb2 Bd4 22. Qb3 Rf7 23. Rac1 Rd8 24. d6 Nc8 25. Rfe1 Nxd6 26. Nd5 Bxb2 27. Ne7+ Qxe7 28. Rxe7 Bxc1 29. Kf3 g5 30. fxg5 Bxg5 31. Re1 Nb5 32. Qb2 Nd4+ 33. Kf2 Bh4+ 34. Kf1 Bxe1 35. Kxe1 f4 36. Kf1 f3 37. Qf2 Rg7 38. Qh4 Rdd7 39. Qf4 Rgf7 40. Qb8+ Kg7 41. Qg3+ Kf8 42. Qh4 f2 43. Qh5 Nf3 44. Qh6+ Kg8 45. Kxf2 Ne5+ 46. Kg3 Rxd3+ 47. Kg2 Ng4 48. Qe6 Rd2+ 49. Kg3 Nf6 50. Qc8+ Kg7 51. Qc3 Rdd7 52. h4 Kg8 53. Kg2 Rg7+ 54. Kf1 Ng4 55. Qc4+ Rdf7+ 56. Ke2 Nf6 57. Qb3 h5 58. b5 Kh8 59. Qb4 Re7+ 60. Kd3 Ng4 61. Qc3 Ne5+ 62. Kc2 Rg2+ 63. Kb3 Rf2 64. Qd4 Rf3+ 65. Kc2 Rff7 66. Qd8+ Kh7 67. Qd6 Ng6 68. Qd5 Rc7+ 69. Kb2 Rfd7 70. Qxh5+ Kg7 71. Qg5 Kh7 72. h5 Ne7 73. Qf6 Rd2+ 74. Kb3 Rd3+ 75. Kb2 Rd2+ 76. Kb3 Rd3+ 77. Kb2 Rd2+ 1/2-1/2


[Site "https://www.chess.com"]

[Event "Titled Tuesday Blitz September 28 2021"]
[White "Cunha, Lucas Aguiar"]
[Black "Roberson, Peter T"]
[WhiteFideId "2125404"]
[BlackFideId "412384"]
[WhiteElo "2361"]
[BlackElo "2283"]
[Result "0-1"]
[Round "04"]
[TimeControl "180+1"]
[Date "2021.09.28"]
[WhiteClock "0:00:29"]
[BlackClock "0:00:28"]

1. e4 c5 2. Nf3 a6 3. c3 e6 4. d4 d5 5. e5 Bd7 6. Bd3 Bb5 7. O-O Bxd3 8. Qxd3 Nc6 9. dxc5 Bxc5 10. b4 Bb6 11. a3 Nge7 12. Nbd2 Ng6 13. Re1 Bc7 14. Bb2 Ncxe5 15. Nxe5 Nxe5 16. Qh3 O-O 17. Rad1 Qg5 18. Re3 Nc4 19. Nxc4 dxc4 20. Re4 Rad8 21. Rf1 Rd3 22. g3 b5 23. Rh4 Qf5 24. Qg2 Qd5 25. Qh3 Rd1 26. Bc1 Be5 27. Rh5 Rxf1+ 28. Qxf1 g6 29. Rg5 f6 30. Rg4 Bxc3 31. Be3 Rd8 32. Qh3 Qf5 33. Kg2 h5 34. Rf4 Qxh3+ 35. Kxh3 Be5 36. Re4 Kf7 37. Kg2 Bb2 38. Kf1 c3 0-1


[Site "https://www.chess.com"]

[Event "Titled Tuesday Blitz September 28 2021"]
[White "Drozdowski, Kacper"]
[Black "Tristan, Leonardo"]
[WhiteFideId "1136720"]
[BlackFideId "113816"]
[WhiteElo "2507"]
[BlackElo "2404"]
[Result "1-0"]
[Round "04"]
[TimeControl "180+1"]
[Date "2021.09.28"]
[WhiteClock "0:00:46"]
[BlackClock "0:00:02"]

1. e4 d5 2. exd5 Qxd5 3. Nf3 Bg4 4. Be2 Nc6 5. O-O O-O-O 6. Nc3 Qd7 7. d3 Nf6 8. h3 Bxf3 9. Bxf3 Nd4 10. Be3 Nxf3+ 11. Qxf3 Kb8 12. Rfe1 e6 13. a3 Nd5 14. Nxd5 exd5 15. Bd4 f6 16. Re2 c5 17. Bc3 Bd6 18. Rae1 d4 19. Bd2 Rhe8 20. Kf1 Rxe2 21. Rxe2 Re8 22. Rxe8+ Qxe8 23. Qf5 h6 24. Qd5 Qe7 25. a4 a6 26. g4 Ka7 27. Kg2 Qc7 28. Kf3 g5 29. Ke2 Be7 30. Qe6 Bd8 31. c3 dxc3 32. Bxc3 Qf4 33. a5 Qa4 34. Qc4 Qc2+ 35. Ke3 Qc1+ 36. Ke4 Qh1+ 37. Kf5 Qf3+ 38. Kg6 Qxf2 39. Kxh6 Qf3 40. Qxc5+ Kb8 41. Qd6+ Kc8 42. Kg6 Qxh3 43. Qe6+ Kb8 44. Qd7 Qh8 45. Bb4 Qg8+ 46. Kf5 Bc7 47. Kxf6 Qh8+ 48. Kf5 Qxb2 49. Bc5 1-0


[Site "https://www.chess.com"]

[Event "Titled Tuesday Blitz September 28 2021"]
[White "Dudzinski, Pawel"]
[Black "Iskusnyh, Sergei"]
[WhiteFideId "1117890"]
[BlackFideId "4120027"]
[WhiteElo "2193"]
[BlackElo "2492"]
[Result "0-1"]
[Round "04"]
[TimeControl "180+1"]
[Date "2021.09.28"]
[WhiteClock "0:00:16"]
[BlackClock "0:00:35"]

1. e4 e6 2. d4 d5 3. Nd2 c5 4. Ngf3 Nc6 5. exd5 exd5 6. Be2 Nf6 7. O-O Bd6 8. dxc5 Bxc5 9. Nb3 Bb6 10. Bg5 O-O 11. c3 Be6 12. Nfd4 h6 13. Bh4 g5 14. Bg3 Ne4 15. Re1 Qf6 16. Bf3 Nxg3 17. hxg3 Rad8 18. Nxe6 fxe6 19. g4 Ne5 20. Nd4 Bxd4 21. Qxd4 Nxf3+ 22. gxf3 Qxd4 23. cxd4 Rd6 24. Kg2 Rc8 25. Rac1 Rdc6 26. Rxc6 Rxc6 27. Re2 Kf7 28. f4 gxf4 29. Kf3 Rc4 30. Rd2 Kf6 31. Kxf4 e5+ 32. Ke3 e4 33. f3 exf3 34. Kxf3 a5 35. Kf4 a4 36. Rh2 Kg6 37. Rc2 Rxc2 0-1


[Site "https://www.chess.com"]

[Event "Titled Tuesday Blitz September 28 2021"]
[White "Fier, Alexandr"]
[Black "Demin, Vladimir"]
[WhiteFideId "2107139"]
[BlackFideId "4167457"]
[WhiteElo "2569"]
[BlackElo "2508"]
[Result "1-0"]
[Round "04"]
[TimeControl "180+1"]
[Date "2021.09.28"]
[WhiteClock "0:00:53"]
[BlackClock "0:01:19"]

1. d4 Nf6 2. Bg5 d5 3. Bxf6 gxf6 4. c4 c6 5. cxd5 cxd5 6. Nc3 Nc6 7. e3 e6 8. Qh5 Bb4 9. Nf3 Qa5 10. Rc1 Qxa2 11. Kd1 Qxb2 12. Nb5 Bd7 13. Bd3 Ke7 14. Rf1 a6 15. Nc7 Rac8 16. Nxd5+ exd5 17. Rc2 Qb3 18. Ke2 Ne5 19. Nxe5 Rxc2+ 20. Kf3 Rd2 21. Qxf7+ 1-0


[Site "https://www.chess.com"]

[Event "Titled Tuesday Blitz September 28 2021"]
[White "Florescu, Codrut-Constantin"]
[Black "Lukovic, Vladimir"]
[WhiteFideId "1202200"]
[BlackFideId "942952"]
[WhiteElo "2243"]
[BlackElo "2436"]
[Result "0-1"]
[Round "04"]
[TimeControl "180+1"]
[Date "2021.09.28"]
[WhiteClock "0:01:25"]
[BlackClock "0:00:58"]

1. e4 e6 2. d4 d5 3. e5 c5 4. c3 Nc6 5. Nf3 Qb6 6. Na3 Bd7 7. Nc2 Nge7 8. Bd3 cxd4 9. cxd4 Nf5 10. Bxf5 exf5 11. O-O Be7 12. Bg5 Bf8 13. h4 h6 14. Be3 Be7 15. a3 Nd8 16. b4 Ne6 17. Rc1 g5 18. Na1 g4 19. Ne1 Bb5 20. Nd3 Qa6 21. Nc5 Nxc5 22. dxc5 Bxf1 23. Qxf1 Qxf1+ 24. Kxf1 Bxh4 25. Nb3 Bg5 26. Ke2 f4 27. Bd2 O-O 28. f3 Rae8 29. fxg4 Rxe5+ 30. Kf3 Re4 31. b5 Rc4 32. Rxc4 dxc4 33. Na5 Rd8 34. Bb4 b6 35. Nxc4 bxc5 36. Ba5 Rd3+ 37. Ke4 Rd4+ 0-1


[Site "https://www.chess.com"]

[Event "Titled Tuesday Blitz September 28 2021"]
[White "Gabrielian, Artur"]
[Black "Riehle, Marco"]
[WhiteFideId "4131002"]
[BlackFideId "12904392"]
[WhiteElo "2489"]
[BlackElo "2462"]
[Result "1-0"]
[Round "04"]
[TimeControl "180+1"]
[Date "2021.09.28"]
[WhiteClock "0:01:15"]
[BlackClock "0:00:10"]

1. e4 e5 2. Nc3 Nf6 3. g3 Bc5 4. Bg2 Nc6 5. Nge2 d6 6. O-O Nd4 7. d3 Bg4 8. Kh1 Qd7 9. f3 Bh3 10. Nxd4 Bxd4 11. Ne2 Bb6 12. Bg5 h6 13. Bxf6 gxf6 14. a4 a5 15. c3 h5 16. d4 O-O-O 17. b4 Rdg8 18. bxa5 Bxa5 19. Rb1 b6 20. Qd3 Kb7 21. Rb5 Ka7 22. Ng1 Bxg2+ 23. Kxg2 Qc6 24. d5 Qxc3 25. Qxc3 Bxc3 26. Rc1 Ba5 27. Rxc7+ Ka6 28. Rxf7 Rc8 29. Rb2 Rh6 30. Rd7 f5 31. exf5 Rf6 32. g4 Rc4 33. h3 Rxa4 34. Ne2 Rc4 35. Ng3 hxg4 36. hxg4 Rd4 37. Ne4 Rh6 38. Rxd6 Rxd6 39. Nxd6 Rxd5 40. Ne4 b5 41. f6 Rd8 42. g5 Rh8 43. f7 Bd8 44. g6 1-0


[Site "https://www.chess.com"]

[Event "Titled Tuesday Blitz September 28 2021"]
[White "Gelman, Alexander"]
[Black "Ibrahimli, Murad"]
[WhiteFideId "4118316"]
[BlackFideId "13410229"]
[WhiteElo "2375"]
[BlackElo "2109"]
[Result "0-1"]
[Round "04"]
[TimeControl "180+1"]
[Date "2021.09.28"]
[WhiteClock "0:00:34"]
[BlackClock "0:00:28"]

1. d4 Nf6 2. Nc3 d5 3. Bf4 a6 4. e3 Nbd7 5. g4 h6 6. h4 Nb6 7. f3 e6 8. Qd2 Bd6 9. O-O-O Bd7 10. Rh2 Bb5 11. Bd3 Bxd3 12. cxd3 Bxf4 13. exf4 Qd6 14. Kb1 O-O-O 15. Nge2 Kb8 16. Qe3 h5 17. Rg1 g6 18. Qe5 Nbd7 19. Qe3 Rh7 20. Nc1 Rdh8 21. g5 Ne8 22. N3e2 Ng7 23. Ng3 Rc8 24. Nb3 Rhh8 25. Rc2 b6 26. Rgc1 c6 27. a3 Rc7 28. Ka1 Rhc8 29. Kb1 Kb7 30. Ka1 a5 31. Kb1 a4 32. Nd2 c5 33. dxc5 Rxc5 34. d4 Rxc2 35. Rxc2 Rxc2 36. Kxc2 Qc6+ 37. Qc3 Qb5 38. Qd3 Qc6+ 39. Qc3 Qd6 40. Qe3 Nb8 41. Nb1 Nc6 42. Nc3 Ne7 43. Nxa4 Nef5 44. Nxf5 Nxf5 45. Qb3 Nxd4+ 0-1


[Site "https://www.chess.com"]

[Event "Titled Tuesday Blitz September 28 2021"]
[White "Ghimpu, Samuel-Timotei"]
[Black "Sliwicki, Damian"]
[WhiteFideId "1238175"]
[BlackFideId "1127128"]
[WhiteElo "2012"]
[BlackElo "2151"]
[Result "1-0"]
[Round "04"]
[TimeControl "180+1"]
[Date "2021.09.28"]
[WhiteClock "0:00:20"]
[BlackClock "0:00:06"]

1. b3 e5 2. Bb2 Nc6 3. c4 Nf6 4. e3 d5 5. cxd5 Nxd5 6. a3 Be7 7. Qc2 O-O 8. Nf3 f6 9. Bd3 g6 10. h4 Be6 11. Bxg6 hxg6 12. Qxg6+ Kh8 13. Qh6+ Kg8 14. Qg6+ Kh8 15. Ng5 Rf7 16. Nxf7+ Bxf7 17. Qxf7 Na5 18. Rh3 Qg8 19. Qh5+ Qh7 20. Qxh7+ Kxh7 21. Nc3 Nxc3 22. Bxc3 Nxb3 23. Rb1 Nc5 24. Bb4 Nd3+ 25. Ke2 Nxb4 26. axb4 Rd8 27. b5 Bc5 28. Rhh1 e4 29. Rhc1 Bb6 30. g4 Kg6 31. Rc4 Rd5 32. Rxe4 a5 33. bxa6 bxa6 34. f4 a5 35. f5+ Kf7 36. Rf1 Re5 37. Rxe5 fxe5 38. g5 a4 39. Ra1 Bc5 40. Rxa4 Bd6 41. Kd3 Kg7 42. Ke4 Kf7 43. Kd5 Ke7 44. e4 Kd7 45. d3 c6+ 46. Kc4 Kc7 47. Ra7+ Kb6 48. Rf7 Bc7 49. g6 Bd6 50. g7 Bc5 51. g8=Q Bd4 52. h5 c5 53. h6 Ka5 54. h7 Ka4 55. h8=N Ka3 56. Rb7 Ka2 57. f6 Bb2 58. f7 Ba3 59. f8=B Bb2 60. Qg2 Ka1 61. Qxb2# 1-0


[Site "https://www.chess.com"]

[Event "Titled Tuesday Blitz September 28 2021"]
[White "Gracia Alvarez, Gerardo Antonio"]
[Black "Baskin, Robert"]
[WhiteFideId "5109124"]
[BlackFideId "24662402"]
[WhiteElo "2148"]
[BlackElo "2521"]
[Result "0-1"]
[Round "04"]
[TimeControl "180+1"]
[Date "2021.09.28"]
[WhiteClock "0:01:02"]
[BlackClock "0:02:13"]

1. e4 c5 2. Nf3 d6 3. Bb5+ Nd7 4. O-O a6 5. Bd3 Ngf6 6. Re1 e6 7. c3 b5 8. Bc2 c4 9. b3 Bb7 10. bxc4 bxc4 11. Na3 Rc8 12. Rb1 Ba8 13. Qe2 d5 14. exd5 Bxd5 15. d3 cxd3 16. Bxd3 Rxc3 17. Nc4 Nc5 18. Bd2 Rxd3 19. Nb6 Bxf3 20. gxf3 Rxd2 0-1


[Site "https://www.chess.com"]

[Event "Titled Tuesday Blitz September 28 2021"]
[White "Guliev, Logman"]
[Black "Tsydypov, Zhamsaran"]
[WhiteFideId "13400061"]
[BlackFideId "4108566"]
[WhiteElo "2128"]
[BlackElo "2649"]
[Result "0-1"]
[Round "04"]
[TimeControl "180+1"]
[Date "2021.09.28"]
[WhiteClock "0:00:04"]
[BlackClock "0:01:57"]

1. e4 c5 2. Nf3 d6 3. d4 cxd4 4. Nxd4 Nf6 5. Nc3 a6 6. f4 Nbd7 7. Bd3 b5 8. O-O Bb7 9. a3 e6 10. Kh1 Be7 11. Qe2 O-O 12. e5 dxe5 13. fxe5 Ne8 14. Bf4 Nc5 15. Rad1 Nxd3 16. Rxd3 Qb6 17. Ne4 Rd8 18. c3 Bd5 19. Rh3 Qb7 20. Ng5 h6 21. Ngf3 Bc4 22. Qe3 f5 23. Bxh6 Bxf1 24. Bxg7 f4 25. Qf2 Nxg7 26. Qxf1 Qe4 27. Nd2 Qg6 28. Qf3 Nf5 29. Ne4 Nxd4 30. cxd4 Rxd4 31. Nc3 b4 32. axb4 Bxb4 0-1


[Site "https://www.chess.com"]

[Event "Titled Tuesday Blitz September 28 2021"]
[White "Indjic, Aleksandar"]
[Black "Garcia Garcia, Alejandro"]
[WhiteFideId "911925"]
[BlackFideId "3516334"]
[WhiteElo "2643"]
[BlackElo "2131"]
[Result "1-0"]
[Round "04"]
[TimeControl "180+1"]
[Date "2021.09.28"]
[WhiteClock "0:01:50"]
[BlackClock "0:01:24"]

1. e4 c5 2. Nf3 e6 3. d4 cxd4 4. Nxd4 Nc6 5. Nc3 Nf6 6. a3 Be7 7. f4 d5 8. e5 Nd7 9. Be3 O-O 10. Qd2 Nxd4 11. Bxd4 f6 12. exf6 Bxf6 13. O-O-O a6 14. g3 b5 15. Bh3 Nb6 16. Bxe6+ Bxe6 17. Qe3 Re8 18. Bxb6 Qd6 19. Ne4 Bg4 20. Nxd6 Rxe3 21. Bxe3 1-0


[Site "https://www.chess.com"]